AoeStats
← xxCamper_2

African Clearing

510284051Analyzed
2v2 RM · 11h ago on Sep 30, 2026· 41m 29s· 4 players
Game mode
Random Map
Map size
Medium (4 player)
Population
200
Speed
Normal
Resources
Standard
Victory
Conquest
Starting age
Dark Age
Ending age
Imperial Age
RankedLock teamsTeams togetherTeam positionsShared explorationLock speedFull tech treeHidden civsTurbo modeCheats
Victory
Defeat
🇨🇳 Byzantines · China
1340
+14
🇭🇰 Mongols · Hong Kong SAR China
1336
+14
🇨🇦 Huns · Canada
1305
-14
🇸🇰 Koreans · Slovakia
1304
-14
xxCamper_2
5:50 Loom
12:00 Feudal Age
13:22 Double-Bit Axe
19:02 Fletching
25:34 Castle Age
26:06 Crossbowman
26:46 Bodkin Arrow
30:54 Thumb Ring
31:30 Elite Skirmisher
40:56 Ballistics
Jaha
12:53 Feudal Age
12:08 Loom
13:27 Double-Bit Axe
13:39 Town Watch
13:46 Town Watch
15:55 Bloodlines
16:25 Scale Barding Armor
17:25 Forging
21:44 Castle Age
22:27 Husbandry
22:49 Chain Barding Armor
23:21 Wheelbarrow
25:17 Fletching
30:51 Ballistics
39:29 Imperial Age
拿捏木村
6:19 Loom
14:22 Feudal Age
16:28 Fletching
18:50 Castle Age
16:56 Double-Bit Axe
18:00 Fishing Lines
19:44 Bow Saw
22:32 Bodkin Arrow
24:03 Padded Archer Armor
25:25 Wheelbarrow
25:07 Gillnets
25:56 Bloodlines
26:22 Husbandry
26:38 Leather Archer Armor
27:08 Stone Mining
31:56 Ballistics
36:58 Imperial Age
34:40 Town Watch
37:46 Bracer
39:21 Chemistry
38:29 Horse Collar
39:51 Conscription
40:43 Heavy Plow
41:59 Hand Cart
老菜套
4:24 Loom
13:13 Feudal Age
18:03 Castle Age
16:03 Stone Mining
16:53 Double-Bit Axe
17:49 Fletching
38:19 Gold Mining
Connection lost

Rejoining the realm…

Still unreachable

The connection could not be restored.

Session expired

The server has moved on; the page needs a fresh start.